 Dungeon Crawl Stone Soup version 0.26-a0-1012-gedcf9b2963 (webtiles) character file.

Game seed: 17382837075736235499

6 Floopie the Sneak (level 1, 0/20 HPs)
             Began as a Deep Dwarf Delver on Dec 7, 2020.
             Slain by a mummy (12 damage)
             ... in an ossuary.
             The game lasted 00:07:39 (218 turns).

Floopie the Sneak (Deep Dwarf Delver)                Turns: 218, Time: 00:07:40

Health: 0/20       AC:  3    Str: 15    XL:     1   Next: 75%
Magic:  1/1        EV: 12    Int: 10    God:
Gold:   6          SH:  0    Dex: 14    Spells: 0/0 levels left

rFire    + . .     SeeInvis .   a - +0 hand axe
rCold    x . .     Faith    .   (no shield)
rNeg     . . .     Spirit   .   b - +0 leather armour
rPois    .         Reflect  .   (no helmet)
rElec    .         Harm     .   (no cloak)
rCorr    .         Rampage  .   (no gloves)
Will     .....                  (no boots)
Stlth    +++.......             (no amulet)
HPRegen  0.00/turn              Q - ring of fire
MPRegen  0.07/turn              (no ring)

@: non-regenerating
A: damage resistance, heal wounds, sense surroundings 1, no regeneration
a: Heal Wounds


You were in an ossuary.
You visited 1 branch of the dungeon, and saw 4 of its levels.
You also visited: Ossuary.

You collected 6 gold pieces.

Inventory:

Hand Weapons
 a - a +0 hand axe (weapon)
Armour
 b - a +0 leather armour (worn)
Jewellery
 Q - a ring of fire (left hand)
Wands
 D - a wand of digging (3)
Scrolls
 c - a scroll of fog
 e - a scroll of fear
 O - a scroll of immolation {unknown}
 S - a scroll of remove curse {unknown}
Potions
 H - 4 potions of haste
 N - a potion of mutation {unknown}
 P - a potion of curing {unknown}
 R - a potion of brilliance {unknown}


   Skills:
 - Level 2.6 Fighting
 + Level 2.9 Axes
 - Level 2.1 Dodging
 - Level 6.0 Stealth


You couldn't memorise any spells.
You didn't know any spells.
Your spell library was empty.

Dungeon Overview and Level Annotations

Branches:
Dungeon (6/15)             Temple (0/1) D:6         Ossuary (1/1)

Altars:

Annotations:
D:6 Menkaure


Innate Abilities, Weirdness & Mutations

You are resistant to damage.
You can heal yourself by infusing magical energy.
You passively map a small area around you.
You do not regenerate.


Message History

You hit the mummy but do no damage.
The mummy is lightly damaged.
You hit the orc zombie but do no damage.
The mummy hits you! The orc zombie barely misses you.
You barely miss the mummy.
The mummy is lightly damaged.
You hit the orc zombie but do no damage.
The orc zombie hits you but does no damage.
The mummy hits you but does no damage.
You hit the mummy but do no damage.
The mummy is lightly damaged.
You barely miss the orc zombie. The orc zombie hits you.
Your leather armour prevents you from hitting the mummy.
The mummy is lightly damaged.
You hit the orc zombie. The mummy barely misses you.
You barely miss the mummy.
The mummy is lightly damaged.
You hit the orc zombie. The orc zombie hits you. The mummy hits you!
Ouch! That really hurt!
You die...

* * , ,,....... , *
#...Z... * ,
+....8...* , *
##.......* ,.Z. ,,
........ , ,.. ,,,
...... , ,. * ####..#
#...., # #.,#M@ZZ.#
...8... #
#..####..####.....####
#.....................
#.............# #.....
#..####.......# #.....
#. #.'....8...# #...8.
#..####.......###Z....
#...................^.
#........#.#..#.#..#.#


You could see a mummy, a kobold zombie and an orc zombie.

Vanquished Creatures
  An orc (D:3)
  A goblin zombie (Ossuary)
  2 hobgoblin zombies (Ossuary)
  2 kobold zombies (Ossuary)
  2 rats (D:3)
8 creatures vanquished.

Notes
Turn   | Place    | Note
-------+----------+-------------------------------------------
     0 | D:5      | Floopie the Deep Dwarf Delver began the quest for the Orb.
     0 | D:5      | Reached XP level 1. HP: 20/20 MP: 1/1
     1 | D:6      | Noticed Menkaure
     1 | D:6      | Noticed a bullfrog
     1 | D:6      | Noticed a wight
     1 | D:6      | Noticed a wight
     1 | D:6      | Noticed a wight
     1 | D:6      | Noticed a wight
     1 | D:6      | Noticed an orc warrior
     1 | D:6      | Noticed an orc priest
     1 | D:6      | Noticed a centaur
   115 | D:4      | Found a sand-covered staircase.
   122 | Ossuary  | Entered an ossuary
   122 | Ossuary  | Noticed a wraith
   122 | Ossuary  | Noticed a wraith
   122 | Ossuary  | Noticed a wraith
   209 | Ossuary  | HP: 1/20 [mummy (3)]
   218 | Ossuary  | Slain by a mummy

Illustrated notes

Levels and vault maps discovered:
D:3:      layout_basic
D:4:      layout_basic, gammafunk_ghost_stat_death, serial_undead,
          serial_undead_a, serial_undead_f, serial_undead_c, serial_undead_a,
          chequers_ossuary_entry_cave, portal_sewer_entry_f
D:5:      minmay_thinvault, layout_basic, general_overflow_altar,
          gammafunk_ghost_gnarly_gnolls, grunt_decor_junction, uniq_duvessa
D:6:      layout_cave_pools, xom_butterflies, temple_statues, uniq_pikel,
          uniq_blork_the_orc, uniq_menkaure, uniq_edmund
Ossuary:  ossuary_kennysheep_city_of_the_dead

Action                   || total
-------------------------++-------
Melee: Hand axe          ||    30
 Abil: Heal Wounds       ||     3
  Use: Scroll            ||     1
 Stab: Sleeping          ||     1
Armor: Leather armour    ||     4
Dodge: Dodged            ||    20

Table legend: (Time is in decaauts)
 A = Elapsed time spent in this place.
 B = Non-inter-level travel time spent in this place.
 C = Inter-level travel time spent in this place.
 D = Time resting spent in this place.
 E = Time spent auto-exploring this place.
 F = Levels seen in this place.
 G = Mean time per level.
                   A        B        C        D        E       F      G
               +--------+--------+--------+--------+--------+-----+--------+
         Total |    222 |    222 |      0 |      0 |      0 |   5 |   44.4 |
       Dungeon |    124 |    124 |      0 |      0 |      0 |   4 |   31.0 |
       Ossuary |     98 |     98 |      0 |      0 |      0 |   1 |   98.0 |
               +--------+--------+--------+--------+--------+-----+--------+

Top non-repeatable levels by time:
 Ossuary: 98 daAuts
     D:4: 68 daAuts
     D:3: 45 daAuts
     D:5: 7 daAuts
     D:6: 2 daAuts
